Map: [ESL] Site Delta

Players

Clem

  • Race: Terran Terran
  • Spawn Location: 5:00

HeroMarine - Winner!

  • Race: Terran Terran
  • Spawn Location: 11:00

Event: ESL Spring 2024 Finals

VOD

Have the link to the VOD?

Description

Time

  • Played on: May 31, 2024, 2:35 p.m.
  • Length: 9:04

All games in this series

Show
View Real Time Build Order
Export as new Build Order

Clem Terran 

Build Orders: Cyclone Opening 

Get SALT Encoding   

  12  0:00  SCV  
  13  0:12  SCV  
  14  0:16  Supply Depot  
  14  0:24  SCV  
  15  0:38  SCV  
  15  0:40  Barracks  
  15  0:42  Refinery  
  16  0:50  SCV  
  16  0:52  Refinery  
  17  1:02  SCV  
  18  1:14  SCV  
  19  1:28  Orbital Command, Reaper  
  19  1:29  Supply Depot  
  20  1:40  Factory  
  20  1:53  SCV  
  21  2:00  Reaper  
  22  2:05  SCV  
  23  2:15  Command Center  
  23  2:17  SCV  
  24  2:23  Hellion  
  26  2:30  Starport  
  26  2:32  SCV  
  27  2:44  SCV, Cyclone  
  27  2:48  Supply Depot  
  30  2:51  Barracks Reactor  
  30  2:57  SCV  
  31  3:09  Medivac  
  31  3:10  SCV  
  34  3:15  Refinery  
  34  3:16  Factory Tech Lab  
  34  3:22  SCV  
  35  3:27  Orbital Command, Marine x2  
  38  3:34  SCV  
  38  3:44  Supply Depot, Factory Tech Lab  
  38  3:46  SCV  
  38  3:47  Raven, Marine x2  
  43  3:53  SCV  
  44  3:58  SCV  
  45  4:05  Siege Tank, SCV  
  45  4:07  Marine x2  
  51  4:10  SCV  
  51  4:14  Interference Matrix  
  52  4:17  SCV  
  52  4:22  Supply Depot, SCV  
  52  4:23  Raven  
  56  4:29  SCV  
  57  4:34  SCV  
  58  4:42  Command Center  
  58  4:44  Siege Tank  
  60  4:49  SCV  
  60  4:50  SCV  
  62  4:53  Supply Depot  
  62  4:55  Marine x2  
  62  4:58  Raven  
  66  5:03  Supply Depot  
  66  5:04  SCV  
  66  5:05  SCV  
  68  5:11  Barracks  
  67  5:14  Barracks  
  67  5:16  SCV  
  67  5:17  SCV  
  69  5:25  Factory Reactor  
  69  5:28  SCV  
  69  5:29  SCV, Marine, Stimpack  
  69  5:30  Refinery  
  72  5:38  Engineering Bay  
  72  5:40  SCV  
  72  5:41  SCV, Starport Reactor, Engineering Bay  
  74  5:47  Marine  
  75  5:53  SCV  
  75  5:55  Barracks x2  
  75  5:56  SCV  
  77  5:58  Orbital Command  
  77  6:05  SCV, Marine  
  77  6:08  SCV  
  77  6:09  Terran Infantry Weapons Level 1, Terran Infantry Armor Level 1  
  80  6:14  Marine  
  80  6:17  SCV, Marine  
  83  6:18  Supply Depot  
  83  6:21  Siege Tank  
  83  6:23  SCV, Marine  
  88  6:26  Orbital Command  
  88  6:27  Marine x2  
  88  6:29  SCV  
  88  6:32  Marine  
  92  6:35  SCV, Marine, Medivac  
  92  6:38  Medivac  
  98  6:41  SCV  
  98  6:42  Missile Turret  
  98  6:45  Missile Turret  
  99  6:47  SCV, Barracks Reactor  
  99  6:49  Barracks Reactor  
  99  6:52  SCV, Marine x3  
  99  6:53  SCV  
  105  6:57  Supply Depot  
  105  6:58  Siege Tank  
  105  6:59  SCV, Marine  
  108  7:04  SCV  
  108  7:08  Supply Depot  
  109  7:09  Combat Shield  
  109  7:12  Refinery  
  109  7:13  Refinery  
  109  7:14  Armory  
  109  7:18  SCV x3, Marine x2  
  109  7:22  Marine x2  
  116  7:23  Marine  
  116  7:29  Supply Depot, Marine x3  
  119  7:30  SCV  
  119  7:33  Medivac x2  
  119  7:35  Marine  
  125  7:37  Supply Depot  
  125  7:43  Sensor Tower  
  125  7:44  SCV x3, Marine  
  125  7:45  Marine  
  125  7:47  Factory  
  125  7:48  Marine x2  
  125  7:49  Marine x2  
  125  7:50  Marine  
  125  7:51  Siege Tank  
  129  7:52  Marine  
  129  7:53  Marine  
  131  8:02  Marine x2  
  131  8:04  Supply Depot  
  131  8:05  Medivac x2  
  137  8:06  Marine x2  
  139  8:15  Marine x2  
  139  8:18  Command Center  
  141  8:22  Supply Depot, Marine x2  
  141  8:23  Siege Tank, Marine  
  130  8:33  Marine  
  112  8:39  Marine  
  112  8:41  Marine  
  88  8:44  Marine x2  
  88  8:45  Marine  
  88  8:46  Marine x2, Barracks Reactor  
Show
View Real Time Build Order
Export as new Build Order

HeroMarine Terran - Winner!

Build Orders: Cyclone Opening, Gas First Reaper Expand 

Get SALT Encoding   

  12  0:00  SCV  
  13  0:12  SCV  
  14  0:17  Supply Depot  
  14  0:24  SCV  
  14  0:27  Refinery  
  15  0:38  SCV  
  16  0:43  Barracks  
  16  0:50  SCV  
  17  1:02  SCV  
  18  1:15  SCV  
  19  1:30  Orbital Command, Reaper  
  20  1:40  Command Center  
  20  1:51  Factory  
  20  1:56  SCV  
  21  2:02  Supply Depot  
  21  2:04  Marine  
  21  2:08  SCV  
  23  2:14  Refinery  
  23  2:22  Barracks Reactor  
  23  2:23  SCV  
  24  2:34  Hellion  
  24  2:35  SCV  
  27  2:40  Starport  
  27  2:48  SCV  
  28  2:51  Orbital Command  
  28  2:55  Cyclone  
  30  2:59  Marine  
  30  3:00  SCV  
  30  3:01  Marine  
  33  3:12  SCV  
  34  3:16  Medivac  
  34  3:17  Marine  
  34  3:18  SCV  
  34  3:19  Marine  
  39  3:24  SCV  
  40  3:28  Supply Depot  
  40  3:29  Factory Tech Lab  
  40  3:30  SCV  
  41  3:35  Marine  
  41  3:36  SCV  
  41  3:37  Marine  
  41  3:40  Refinery  
  44  3:42  SCV  
  44  3:47  Starport Tech Lab  
  46  3:48  SCV  
  46  3:49  Siege Tank  
  46  3:53  Supply Depot  
  46  3:54  Marine  
  50  3:56  Marine  
  50  3:59  SCV  
  50  4:01  SCV  
  51  4:10  Raven  
  51  4:11  SCV  
  51  4:14  SCV, Marine  
  51  4:15  Marine  
  51  4:16  Supply Depot  
  57  4:23  SCV  
  58  4:25  Siege Tank  
  58  4:26  SCV  
  62  4:38  SCV x2  
  63  4:40  Command Center  
  63  4:44  Raven  
  65  4:47  Supply Depot  
  65  4:49  Interference Matrix  
  65  4:50  SCV  
  65  4:52  Refinery  
  66  4:53  SCV  
  66  4:57  Marine x2  
  69  5:02  SCV  
  70  5:07  Supply Depot  
  70  5:08  SCV  
  71  5:14  SCV  
  71  5:20  SCV  
  73  5:21  Barracks  
  73  5:22  Engineering Bay x2, Factory Reactor  
  73  5:23  Raven  
  73  5:24  Barracks  
  73  5:26  Stimpack  
  73  5:28  Marine  
  76  5:29  SCV  
  76  5:32  SCV  
  78  5:41  SCV  
  79  5:45  SCV, Marine  
  79  5:47  Barracks  
  79  5:49  Barracks, Terran Infantry Armor Level 1  
  81  5:51  Terran Infantry Weapons Level 1  
  81  5:54  SCV  
  81  5:57  SCV  
  83  5:58  Supply Depot  
  83  6:03  Marine  
  84  6:06  SCV  
  84  6:07  Starport Reactor  
  84  6:09  SCV  
  86  6:13  Siege Tank, Marine x2  
  86  6:17  Orbital Command  
  91  6:18  SCV  
  91  6:19  Marine  
  91  6:21  SCV  
  91  6:23  Marine x2  
  96  6:30  SCV  
  96  6:31  Marine x2  
  99  6:35  Supply Depot  
  99  6:36  SCV, Missile Turret  
  99  6:38  Marine, Barracks Reactor x2  
  101  6:41  Marine x2  
  101  6:43  SCV  
  101  6:47  Siege Tank  
  107  6:48  Medivac  
  107  6:52  Supply Depot  
  107  6:54  Supply Depot  
  109  6:56  Marine x2, Medivac  
  109  6:58  Marine  
  109  6:59  Marine x2  
  116  7:05  Combat Shield  
  116  7:09  Supply Depot  
  116  7:13  SCV  
  116  7:14  SCV, Marine x2, Sensor Tower  
  116  7:15  SCV  
  121  7:16  Marine x2  
  121  7:17  Marine  
  121  7:18  Medivac  
  121  7:19  Marine x4  
  130  7:24  Supply Depot  
  130  7:25  Supply Depot  
  127  7:32  Marine x2  
  127  7:34  Siege Tank, Marine x3  
  127  7:37  Marine x4  
  134  7:39  Medivac  
  138  7:48  Medivac  
  138  7:49  Marine x2  
  139  7:51  Marine  
  139  7:52  Marine x2, Refinery  
  139  7:53  Refinery  
  139  7:54  Marine  
  139  7:55  Marine x3  
  146  7:59  Armory  
  146  8:07  Siege Tank, Marine x2  
  146  8:09  Marine  
  146  8:10  Marine x2  
  146  8:11  Supply Depot x2  
  146  8:12  Marine x3  
  157  8:20  Marine  
  157  8:25  Marine x2  
  151  8:27  Marine  
  151  8:28  Marine x2  
  151  8:30  Marine x2  
  151  8:33  Marine  
  147  8:38  Marine  
  147  8:41  SCV x3  
  156  8:43  Marine x2  
  156  8:45  Marine  
  156  8:46  Marine x2  
Tags
 
Add a new tag
Caveats
  • Supply blocks, unpowered buildings, or Contaminate may cause inaccurate times.
  • Supply counts are checked every 10 seconds.